 Dungeon Crawl Stone Soup version 0.28-a0-1493-g08698888e4 (webtiles) character file.

Game seed: 3812572140079102643

2226 pokeman the Thaumaturge (level 9, -4/48 HPs)
             Began as a Deep Elf Hedge Wizard on Jan 12, 2022.
             Was an Initiate of Vehumet.
             Slain by a two-headed ogre (16 damage)
             ... on level 8 of the Dungeon.
             The game lasted 00:17:22 (10470 turns).

pokeman the Thaumaturge (Deep Elf Hedge Wizard)    Turns: 10470, Time: 00:17:22

Health: -4/48      AC:  6    Str:  7    XL:     9   Next: 14%
Magic:  16/26      EV: 12    Int: 24    God:    Vehumet [......]
Gold:   205        SH:  5    Dex: 14    Spells: 15/30 levels left

rFire   + . .      SeeInvis .   C - +2 dagger (venom)
rCold   . . .      Faith    .   (no shield)
rNeg    . . .      Spirit   .   t - +2 leather armour {rF+}
rPois   .          Reflect  +   c - +0 hat
rElec   .          Harm     .   m - scarf {repulsion}
rCorr   .          Rampage  .   B - +0 pair of gloves
Will    .....                   (no boots)
Stlth   ++........              k - amulet of reflection
HPRegen 0.16/turn               (no ring)
MPRegen 0.20/turn               (no ring)

@: repel missiles
A: no striking features
a: Renounce Religion


You were on level 8 of the Dungeon.
You worshipped Vehumet.
Vehumet was noncommittal.
You visited 2 branches of the dungeon, and saw 9 of its levels.

You collected 317 gold pieces.
You spent 112 gold pieces at shops.

Inventory:

Hand Weapons
 x - a +0 shortbow of freezing
 C - a +2 dagger of venom (weapon)
Missiles
 e - 100 arrows
 p - 68 bolts
Armour
 c - a +0 hat (worn)
 m - a scarf of repulsion (worn)
 t - a +2 leather armour of fire resistance (worn)
 A - the +0 buckler of the Sea {Fly rC+}
   (You found it on level 7 of the Dungeon)

   rC:        It protects you from cold.
   Fly:       It grants you flight.
 B - a +0 pair of gloves (worn)
Magical Staves
 g - a staff of cold
 l - a staff of earth
Jewellery
 j - an amulet of faith
 k - an amulet of reflection (around neck)
Scrolls
 b - a scroll of blinking {unknown}
 f - a scroll of magic mapping {unknown}
 h - a scroll of vulnerability {unknown}
 q - 2 scrolls of identify {unknown}
 r - a scroll of amnesia {unknown}
 v - a scroll of noise {unknown}
 y - a scroll of acquirement {unknown}
 D - a scroll of immolation
Potions
 a - 2 potions of curing
 d - 3 potions of flight {unknown}
 i - 2 potions of mutation {unknown}
 n - 2 potions of cancellation {unknown}
 o - 2 potions of haste {unknown}
 s - 3 potions of resistance {unknown}
 u - 2 potions of heal wounds
 w - a potion of invisibility {unknown}
 z - a potion of brilliance {unknown}


   Skills:
 - Level 2.0 Fighting
 - Level 2.0 Armour
 - Level 3.0 Dodging
 - Level 3.1 Stealth
 + Level 2.4 Shields
 * Level 11.0 Spellcasting
 + Level 5.9 Conjurations
 - Level 1.1 Summonings
 - Level 1.1 Translocations
 + Level 4.6 Fire Magic
 - Level 1.2 Ice Magic
 - Level 1.0 Air Magic
 + Level 0.1 Earth Magic
 - Level 1.1 Poison Magic
 - Level 1.0 Evocations


You had 15 spell levels left.
You knew the following spells:

 Your Spells              Type           Power      Damage    Failure   Level
a - Magic Dart            Conj           100%       1d8       1%          1
b - Mephitic Cloud        Conj/Pois/Air  26%        N/A       7%          3
c - Call Imp              Summ           18%        N/A       7%          2
d - Blink                 Tloc           36%        N/A       7%          2
e - Conjure Flame         Conj/Fire      38%        6-21      2%          3
f - Flame Wave            Conj/Fire      38%        2d7       8%          4

Your spell library contained the following spells:

 Spells                   Type           Power      Damage    Failure   Level
 Searing Ray              Conj           82%        2d7       1%          2
 Beastly Appendage        Tmut           26%        N/A       7%          1
 Slow                     Hex            52%        N/A       7%          1
 Wereblood                Tmut           13%        N/A       11%         2
 Gell's Gravitas          Tloc           18%        N/A       13%         3
 Teleport Other           Tloc           18%        N/A       13%         3
 Spider Form              Tmut/Pois      15%        N/A       17%         3
 Summon Guardian Golem    Hex/Summ       15%        N/A       17%         3
 Orb of Destruction       Conj           20%        9d9       99%         7
 Dispersal                Tloc           9%         N/A       100%        6
 Spellforged Servitor     Conj/Summ      15%        N/A       100%        7


Dungeon Overview and Level Annotations

Branches:
Dungeon (8/15)             Temple (1/1) D:6
   Lair: D:8-11

Altars:
Ashenzari
Cheibriados
Dithmenos
Elyvilon
Fedhas
Gozag
Hepliaklqana
Kikubaaqudgha
Makhleb
Nemelex Xobeh
Okawaru
Qazlal
Ru
Sif Muna
Uskayaw
Vehumet
Wu Jian
Xom
Yredelemnul
Zin
The Shining One

Shops:
D:4 !

Annotations:
D:5 Book behind rock
D:7 2 transporters, dracfodder's ghost, novice DrIE


Message History

Press: ? - help, Shift-Dir - straight line, f/p - two-headed ogre
Aim: a two-headed ogre, wielding two +0 giant clubs (noxious fumes, lightly wounded, confused, 100% to hit)
The magic dart hits the two-headed ogre but does no damage.
The two-headed ogre is lightly wounded.
The two-headed ogre is engulfed in noxious fumes.
The two-headed ogre appears confused.
Casting: Magic Dart (safe; 1% risk of failure)
Confirm with . or Enter, or press ? or * to list all spells.
Casting: Flame Wave (dangerous; 8% risk of failure)
Press: ? - help, Dir - look around, f - activate A wave of flame ripples out! (Press . to intensify the flame waves.)
You hear a shout! x3
Unknown command.
A wave of flame ripples out!
The flame wave engulfs the two-headed ogre!
The two-headed ogre is moderately wounded.
You hear a shout!
An ice beast comes into view.
Unknown command.
A wave of flame ripples out!
The flame wave engulfs the two-headed ogre.
The two-headed ogre is moderately wounded.
You finish channelling waves of flame.
You hear a horrible gurgling sound!
The two-headed ogre cries.
The two-headed ogre closely misses you. You block the two-headed ogre's attack.
Unknown command.
A gnoll comes into view. It is wielding a +0 whip.
A gnoll shaman and a gnoll come into view.
The gnoll shaman shouts!
The ice beast hits you. The ice beast freezes you!
The two-headed ogre wonders, "What am I doing in here?"
There is a stone staircase leading up, spattered with blood here.
The ice beast closely misses you.
The two-headed ogre grins madly.
The two-headed ogre hits you with a +0 giant club!!
* * * LOW HITPOINT WARNING * * *
The two-headed ogre hits you with a +0 giant club!
You die...

.....# .. ......
##[. .....## #....
#....###.gg ..
##....#.g. ..
..##.......# ....
..........###.....
(......Yg.........
.......@....##....
###....O.#.## .
###....### #.....#
#........!.
#.#.$#......
###..###.... ...#
.... ....# ...


You could see a two-headed ogre (confused), an ice beast, a gnoll shaman and 3
gnolls.

Vanquished Creatures
  Prince Ribbit (D:7)
  The ghost of hashsling the Conjurer, an amateur TeCj of Sif Muna (D:4)
  A water moccasin (D:6)
  A black bear (D:5)
  2 necrophages
  4 centaurs
  An ogre (D:7)
  2 phantoms (D:4)
  A bullfrog (D:7)
  A scorpion (D:5)
  A wyvern zombie (D:8)
  A water moccasin zombie (D:5)
  A water moccasin skeleton (D:5)
  3 howler monkeys
  2 hounds
  A centaur skeleton (D:5)
  3 jellies
  3 orc priests
  3 iguanas
  2 orc wizards
  A howler monkey skeleton (D:4)
  A howler monkey zombie (D:7)
  11 adders
  An ufetubus (D:4)
  An adder skeleton (D:4)
  3 worms
  6 dart slugs
  18 orcs
  4 ball pythons
  5 endoplasms
  4 giant cockroaches
  6 goblins
  A hobgoblin (D:1)
  6 kobolds
  A quokka (D:1)
  2 bats
  4 frilled lizards
110 creatures vanquished.

Vanquished Creatures (others)
  A plant (D:1)
1 creature vanquished.

Grand Total: 111 creatures vanquished

Notes
Turn   | Place    | Note
-------+----------+-------------------------------------------
     0 | D:1      | pokeman the Deep Elf Hedge Wizard began the quest for the
                  | Orb.
     0 | D:1      | Reached XP level 1. HP: 10/10 MP: 7/7
   842 | D:1      | Reached XP level 2. HP: 16/16 MP: 4/9
   899 | D:1      | Got Vehumet's Catalogue of Battle Magic
  1325 | D:2      | Reached skill level 5 in Spellcasting
  1325 | D:2      | Reached XP level 3. HP: 10/20 MP: 5/11
  1329 | D:2      | Learned a level 3 spell: Mephitic Cloud
  1332 | D:2      | Learned a level 2 spell: Call Imp
  1335 | D:2      | Learned a level 2 spell: Blink
  1339 | D:2      | Learned a level 3 spell: Conjure Flame
  1764 | D:2      | Reached skill level 1 in Fighting
  1764 | D:2      | Reached skill level 1 in Armour
  1818 | D:2      | You fall into a shaft and drop 1 floor!
  1991 | D:2      | HP: 1/20 [poisoned by an adder]
  2370 | D:2      | Reached XP level 4. HP: 24/25 MP: 5/13
  4352 | D:4      | Reached skill level 6 in Spellcasting
  4352 | D:4      | Reached XP level 5. HP: 29/29 MP: 11/15
  4441 | D:4      | Found a runed translucent door.
  4503 | D:4      | Noticed hashsling's ghost (amateur TeCj)
  4507 | D:4      | Noticed a centaur
  4544 | D:4      | Reached skill level 1 in Shields
  4612 | D:4      | Noticed a phantom
  4635 | D:4      | Killed a phantom
  4636 | D:4      | Reached skill level 1 in Fire Magic
  4937 | D:4      | Reached XP level 6. HP: 34/34 MP: 5/17
  5054 | D:4      | Found Lujiyc's Distillery.
  5567 | D:4      | Reached skill level 7 in Spellcasting
  5567 | D:4      | Reached skill level 1 in Evocations
  5573 | D:4      | Reached skill level 1 in Ice Magic
  5777 | D:4      | Reached skill level 1 in Poison Magic
  5997 | D:4      | Bought a potion of curing for 42 gold pieces
  5997 | D:4      | Bought a potion of heal wounds for 70 gold pieces
  6146 | D:4      | Reached XP level 7. HP: 38/38 MP: 15/20
  6491 | D:4      | Learned a level 4 spell: Flame Wave
  6513 | D:5      | Entered Level 5 of the Dungeon
  6561 | D:5      | Reached skill level 1 in Air Magic
  6755 | D:5      | Reached skill level 8 in Spellcasting
  7123 | D:5      | Reached skill level 9 in Spellcasting
  7123 | D:5      | Reached XP level 8. HP: 29/44 MP: 18/23
  7616 | D:6      | Found a broken altar of Ashenzari.
  7934 | D:6      | Reached skill level 5 in Conjurations
  8148 | D:6      | Found a staircase to the Ecumenical Temple.
  8216 | D:6      | Found a shimmering altar of Xom.
  8277 | Temple   | Entered the Ecumenical Temple
  8285 | Temple   | Became a worshipper of Vehumet
  8830 | D:7      | Identified the +0 buckler of the Sea {Fly rC+}
  8920 | D:7      | Noticed Prince Ribbit
  8934 | D:7      | Killed Prince Ribbit
  8935 | D:7      | Reached skill level 10 in Spellcasting
  9161 | D:7      | Found a sparkling altar of Nemelex Xobeh.
  9212 | D:7      | Found a transporter.
  9226 | D:7      | Noticed dracfodder's ghost (novice DrIE)
  9240 | D:7      | Noticed a moth of wrath
  9272 | D:7      | Found a transporter.
  9979 | D:8      | Reached XP level 9. HP: 31/48 MP: 22/25
 10121 | D:4      | Killed hashsling's ghost
 10424 | D:8      | Reached skill level 11 in Spellcasting
 10457 | D:8      | Noticed a two-headed ogre
 10470 | D:8      | Slain by a two-headed ogre

Illustrated notes

Levels and vault maps discovered:
D:1:      roderic_crop_circles_arrival_large, layout_basic
D:2:      layout_loops_corners, nrook_mini_backslash,
          chequers_serial_rivers_micro_c
D:3:      layout_basic
D:4:      layout_basic, ebering_ghost_inner_flame, serial_shops,
          nicolae_diamond_shop
D:5:      cheibrodos_quashed, layout_basic, grunt_decor_clamped
D:6:      layout_basic, mainiacjoe_overflow_paths, lemuel_tele_altar,
          temple_hall_moat, minmay_misc_feat_rugged, st_stairs_6,
          feat_on_display
D:7:      layout_loops_ring, nemelex_diamond_rough_becter,
          gammafunk_ghost_berserking_beasts, uniq_prince_ribbit1
D:8:      layout_layer_cave, uniq_gastronok
Temple:   nicolae_temple_no_exploring_needed

Skill      XL: |  1  2  3  4  5  6  7  8  9 |
---------------+----------------------------+-----
Spellcasting   | 5 6 7 9 10 11 | 11.0
Fighting       | 1 2 |  2.0
Armour         | 1 2 |  2.0
Conjurations   | 2 3 4 5 |  5.9
Dodging        | 3 |  3.0
Shields        | 1 2 |  2.4
Stealth        | 3 |  3.1
Fire Magic     | 1 2 4 |  4.6
Evocations     | 1 |  1.0
Ice Magic      | 1 |  1.2
Poison Magic   | 1 |  1.1
Air Magic      | 1 |  1.0
Summonings     | |  1.1
Translocations | |  1.1
Earth Magic    | |  0.1

Action                   |  1- 3 |  4- 6 |  7- 9 || total
-------------------------+-------+-------+-------++-------
Melee: Dagger            |    18 |    35 |    79 ||   132
       Staff             |     2 |       |       ||     2
 Cast: Magic Dart        |    81 |   163 |   107 ||   351
       Mephitic Cloud    |       |     5 |    16 ||    21
       Blink             |       |     1 |     2 ||     3
       Conjure Flame     |       |       |     8 ||     8
       Flame Wave        |       |       |     4 ||     4
       Call Imp          |       |       |     1 ||     1
  Use: Potion            |       |       |     1 ||     1
 Stab: Sleeping          |     2 |       |       ||     2
       Confused          |       |     5 |     5 ||    10
Armor: Robe              |     6 |       |       ||     6
       Leather armour    |     3 |    16 |    13 ||    32
Dodge: Dodged            |    16 |    38 |    51 ||   105
Block: Kite shield       |     3 |     4 |       ||     7
       Other             |       |     1 |    17 ||    18
       Reflection        |       |       |     4 ||     4

Table legend: (Time is in decaauts)
 A = Elapsed time spent in this place.
 B = Non-inter-level travel time spent in this place.
 C = Inter-level travel time spent in this place.
 D = Time resting spent in this place.
 E = Time spent auto-exploring this place.
 F = Levels seen in this place.
 G = Mean time per level.
                   A        B        C        D        E       F      G
               +--------+--------+--------+--------+--------+-----+--------+
         Total |  10474 |   9897 |    577 |    980 |   7654 |   9 | 1163.8 |
       Dungeon |  10458 |   9887 |    571 |    980 |   7654 |   8 | 1307.2 |
        Temple |     15 |      9 |      6 |      0 |      0 |   1 |   15.0 |
               +--------+--------+--------+--------+--------+-----+--------+

Top non-repeatable levels by time:
     D:2: 2274 daAuts
     D:4: 1867 daAuts
     D:1: 1318 daAuts
     D:7: 1301 daAuts
     D:5: 1226 daAuts
     D:6: 1211 daAuts
     D:3: 1143 daAuts
     D:8: 116 daAuts
  Temple: 15 daAuts
